 Dungeon Crawl Stone Soup version 0.22.1-1-ga44c0e56f4 (webtiles) character file.

1087 NochnoyZador the Grappler (level 8, -5/75 HPs)
             Began as a Troll Monk on Oct 16, 2018.
             Was a Believer of Trog.
             Engulfed by a blizzard demon's freezing vapour (8 damage)
             ... on level 1 of the Abyss.
             The game lasted 00:13:34 (3739 turns).

NochnoyZador the Grappler (Troll Monk)              Turns: 3739, Time: 00:13:35

Health: -5/75      AC:  5    Str: 21    XL:     8   Next: 9%
Magic:  7/7        EV: 11    Int:  6    God:    Trog [**....]
Gold:   275        SH:  0    Dex: 13    Spells: 7/7 levels left

rFire    . . .     SeeInvis .     - Unarmed
rCold    . . .     Gourm    +   (no shield)
rNeg     . . .     Faith    .   a - +0 robe
rPois    .         Spirit   .   (helmet restricted)
rElec    .         Reflect  .   (no cloak)
rCorr    .         Harm     .   (gloves unavailable)
MR       .....                  (boots unavailable)
Stlth    ++........             (no amulet)
HPRegen  0.62/turn              (no ring)
MPRegen  0.10/turn              (no ring)

@: no status effects
A: large, unfitting armour, claws 3, fast metabolism 3, gourmand, regeneration
1, shaggy fur 1, tough skin 2
a: Berserk, Trog's Hand, Renounce Religion


You were on level 1 of the Abyss.
You worshipped Trog.
Trog was pleased with you.
You were very full.

You visited 2 branches of the dungeon, and saw 7 of its levels.
You visited the Abyss 1 time.

You collected 275 gold pieces.

Inventory:

Missiles
 h - 233 stones (quivered)
 k - 9 large rocks
 v - a throwing net
Armour
 a - a +0 robe (worn)
Jewellery
 f - a +5 ring of protection {unknown}
 n - a cursed ring of attention {unknown}
Wands
 l - a wand of random effects (15)
Scrolls
 e - a scroll of enchant weapon {unknown}
 g - a scroll of blinking {unknown}
 j - 3 scrolls of magic mapping {unknown}
 m - 4 scrolls of identify {unknown}
 p - 2 scrolls of fog {unknown}
 r - a scroll of fear {unknown}
 u - a scroll of immolation {unknown}
 w - 2 scrolls of teleportation {unknown}
 x - a scroll of remove curse {unknown}
 y - a scroll of random uselessness {unknown}
 B - a scroll of noise {unknown}
Potions
 c - 2 potions of lignification {unknown}
 d - 4 potions of curing {unknown}
 i - 2 potions of heal wounds {unknown}
 o - 3 potions of brilliance {unknown}
 q - a potion of invisibility {unknown}
 s - 2 potions of magic {unknown}
 t - a potion of haste {unknown}
 A - 2 potions of might {unknown}
Comestibles
 b - 13 rations


   Skills:
 * Level 3.2 Fighting
 * Level 2.0 Throwing
 * Level 3.2 Dodging
 * Level 2.1 Stealth
 + Level 8.3 Unarmed Combat


You had 7 spell levels left.
You didn't know any spells.
Your spell library was empty.

Dungeon Overview and Level Annotations

Branches:
Dungeon (6/15)             Temple (1/1) D:5

Altars:
Ashenzari
Cheibriados
Dithmenos
Fedhas
Hepliaklqana
Kikubaaqudgha
Makhleb
Nemelex Xobeh
Okawaru
Qazlal
Ru
Sif Muna
Trog
Vehumet
Wu Jian
Xom
Yredelemnul
Zin
The Shining One


Innate Abilities, Weirdness & Mutations

You are too large for most types of armour.
You have claws for hands.
Your metabolism is lightning-fast.
You like to eat raw meat.
Your natural rate of healing is unusually fast.
You are covered in fur. (AC +1)
You have very tough skin. (AC +2)


Message History

A spatial vortex comes into view.
You claw the blizzard demon!
The blizzard demon is lightly wounded.
You scratch the blizzard demon.
The blizzard demon is moderately wounded.
The blizzard demon gestures at you. The freezing blast engulfs you!
You claw the blizzard demon!
The blizzard demon is moderately wounded.
You are engulfed in freezing vapours.
* * * LOW HITPOINT WARNING * * *
The blizzard demon is engulfed in freezing vapours.
The blizzard demon hits you.
* * * LOW HITPOINT WARNING * * *
The blizzard demon hits you!
* * * LOW HITPOINT WARNING * * *
You scratch the blizzard demon.
The blizzard demon is heavily wounded.
You are engulfed in freezing vapours.
You die...

# # ..# .#
###..# ....
#######..x.#.. #
##..#.##.##..#
## #.....
..#....##
##..##... #...
#§§##. ..##.. .
##§####...#.##.
#@## .#.## #..
#2# #..... . x§§
.# .... . #
..§#. # .... #.
.###.#..#v.v.#.#
.. ...# # # # ..
. . .. .. . # #


You could see a blizzard demon and a small abomination.

Vanquished Creatures
  A ynoxinul (Abyss:1)
  4 sky beasts
  An ogre (D:4)
  A scorpion (D:5)
  An orc priest (D:3)
  2 hounds
  An iguana (D:5)
  An orc wizard (D:6)
  3 worker ants
  7 adders
  2 oozes
  3 adder skeletons
  5 worms
  3 dart slugs
  19 orcs
  6 giant cockroaches
  9 goblins
  9 hobgoblins
  10 jackals
  2 kobolds
  3 quokkas
  8 bats
  4 frilled lizards
  7 rats
112 creatures vanquished.

Notes
Turn   | Place    | Note
-------+----------+-------------------------------------------
     0 | D:1      | NochnoyZador the Troll Monk began the quest for the Orb.
     0 | D:1      | Reached XP level 1. HP: 22/22 MP: 0/0
    78 | D:1      | Reached XP level 2. HP: 29/29 MP: 1/1
   293 | D:1      | Reached skill level 4 in Unarmed Combat
   404 | D:1      | Reached XP level 3. HP: 36/36 MP: 2/2
   435 | D:1      | Found a glowing golden altar of the Shining One.
   897 | D:2      | Reached XP level 4. HP: 44/44 MP: 3/3
   934 | D:2      | Reached skill level 5 in Unarmed Combat
  1474 | D:3      | Reached XP level 5. HP: 50/50 MP: 4/4
  1490 | D:3      | Found a faded altar of an unknown god.
  1623 | D:3      | Reached skill level 6 in Unarmed Combat
  1856 | D:3      | Found a bloodstained altar of Trog.
  1863 | D:3      | Became a worshipper of Trog the Wrathful
  1863 | D:3      | Reached * piety under Trog
  1863 | D:3      | Reached ** piety under Trog
  1955 | D:4      | Noticed a sky beast
  1957 | D:4      | Killed a sky beast
  1957 | D:4      | Reached skill level 7 in Unarmed Combat
  1957 | D:4      | Reached XP level 6. HP: 59/59 MP: 5/5
  2541 | D:4      | Noticed a sky beast
  2558 | D:4      | Killed a sky beast
  2558 | D:4      | Reached skill level 1 in Throwing
  2558 | D:4      | Reached XP level 7. HP: 55/66 MP: 6/6
  2659 | D:5      | Entered Level 5 of the Dungeon
  2737 | D:5      | Found a staircase to the Ecumenical Temple.
  2776 | Temple   | Entered the Ecumenical Temple
  3250 | D:5      | Found a deep blue altar of Sif Muna.
  3336 | D:5      | Reached skill level 8 in Unarmed Combat
  3623 | D:6      | Cast into level 1 of the Abyss (orc)
  3626 | Abyss:1  | Found a deep blue altar of Sif Muna.
  3649 | Abyss:1  | Noticed a ynoxinul
  3658 | Abyss:1  | Killed a ynoxinul
  3658 | Abyss:1  | Reached XP level 8. HP: 31/75 MP: 7/7
  3670 | Abyss:1  | Noticed a worldbinder
  3734 | Abyss:1  | Noticed a blizzard demon
  3738 | Abyss:1  | HP: 3/75 [blizzard demon (14)]
  3739 | Abyss:1  | Engulfed by a blizzard demon's freezing vapour

Skill      XL: |  1  2  3  4  5  6  7 |
---------------+----------------------+-----
Unarmed Combat | 4 5 7 8 |  8.3
Throwing       | 1 2 |  2.0
Fighting       | 3 |  3.2
Dodging        | 3 |  3.2
Stealth        | 2 |  2.1

Action                   |  1- 3 |  4- 6 |  7- 9 || total
-------------------------+-------+-------+-------++-------
Melee: Unarmed           |    81 |   146 |    55 ||   282
       Punch             |     2 |     3 |     4 ||     9
 Stab: Sleeping          |     2 |     4 |     1 ||     7
  Eat: Chunk             |    13 |    16 |    10 ||    39
Armor: Robe              |    24 |    36 |    11 ||    71
Dodge: Dodged            |    45 |    74 |    22 ||   141
